 Dungeon Crawl Stone Soup version 0.30-a0-743-gbfdf073431 (webtiles) character file.

Game seed: 3369287557545815578

29563 cheesebisquit the Earth Mage (level 13, -5/84 HPs)
             Began as a Gargoyle Earth Elementalist on Feb 5, 2023.
             Was an Elder of Vehumet.
             Slain by an elephant (14 damage)
             ... on level 3 of the Lair of Beasts.
             The game lasted 01:09:26 (18452 turns).

cheesebisquit the Earth Mage (GrEE)                Turns: 18452, Time: 01:09:27

Health: -5/84      AC: 15    Str: 22    XL:     13   Next: 46%
Magic:  3/26       EV: 12    Int: 21    God:    Vehumet [****..]
Gold:   234        SH:  0    Dex: 16    Spells: 27/31 levels left

rFire   + . .      SeeInvis +    H - +0 quarterstaff "Ziemam" {holy, rElec rF+ Str+4}
rCold   . . .      Faith    .    (shield currently unavailable)
rNeg    + . .      Spirit   .    z - +1 robe {Archmagi}
rPois   ∞          Reflect  .    N - +0 helmet {SInv}
rElec   +          Harm     .    o - +0 cloak
rCorr   .          Rampage  .    B - +0 pair of gloves
Will    .....      Archmagi +    (no boots)
Stlth   ++                       X - amulet of regeneration
HPRegen 1.14/turn                h - +6 ring of dexterity
MPRegen 0.20/turn                D - +6 ring of strength

@: no status effects
A: sickness immunity, AC +9, negative energy resistance 1, electricity
resistance, torment resistance 1, petrification resistance
a: Renounce Religion


You were on level 3 of the Lair of Beasts.
You worshipped Vehumet.
Vehumet was greatly pleased with you.
You visited 3 branches of the dungeon, and saw 17 of its levels.
You also visited: Bailey.

You collected 956 gold pieces.
You spent 722 gold pieces at shops.

Inventory:

Hand Weapons
 a - a +2 heavy quarterstaff
 e - a +0 hand axe
 n - a +3 quarterstaff of chaos
 s - a +1 sling of draining
 H - the +0 quarterstaff "Ziemam" (weapon) {holy, rElec rF+ Str+4}
   (You found it on level 7 of the Dungeon)

   Str:       It affects your strength (+4).
   rF:        It protects you from fire.
   rElec:     It insulates you from electricity.
 U - a +2 quarterstaff of speed
Missiles
 b - 6 boomerangs of dispersal
 m - 5 curare-tipped darts
 A - a throwing net
 F - 19 poisoned darts
 P - 4 atropa-tipped darts
Armour
 i - a scarf of resistance
 o - a +0 cloak (worn)
 t - a +2 helmet
 z - a +1 robe of the Archmagi (worn)
 B - a +0 pair of gloves (worn)
 I - the +2 kite shield "Zyer" {Str+3}
   (You found it on level 7 of the Dungeon)

   Str:       It affects your strength (+3).
 L - +0 gold dragon scales
 N - a +0 helmet of see invisible (worn)
 V - a +2 leather armour of fire resistance
Jewellery
 h - a +6 ring of dexterity (left hand)
 l - a ring of fire
 q - a +6 ring of intelligence
 D - a +6 ring of strength (right hand)
 R - a ring of protection from fire
 X - an amulet of regeneration (around neck)
Wands
 C - a wand of iceblast (26)
 K - a wand of charming (24)
 O - a wand of mindburst (7)
 Q - a wand of flame (28)
Scrolls
 d - 3 scrolls of enchant weapon
 f - 2 scrolls of amnesia
 j - a scroll of silence {unknown}
 k - 9 scrolls of teleportation
 p - 2 scrolls of vulnerability
 u - a scroll of brand weapon {unknown}
 v - 3 scrolls of magic mapping
 y - 2 scrolls of torment {unknown}
 M - 3 scrolls of immolation
 S - a scroll of poison
 W - a scroll of fog {unknown}
Potions
 c - 2 potions of invisibility
 g - 4 potions of attraction
 r - 5 potions of curing
 w - 3 potions of mutation
 x - 2 potions of lignification
 E - 3 potions of brilliance
 G - 5 potions of might
 J - a potion of ambrosia
 T - a potion of magic


   Skills:
 + Level 11.1 Fighting
 + Level 10.0 Staves
 - Level 1.5 Dodging
 - Level 2.1 Stealth
 + Level 9.7 Spellcasting
 - Level 0.7 Transmutations
 * Level 17.2 Earth Magic


You had 27 spell levels left.
You knew the following spells:

 Your Spells              Type           Power      Damage    Failure   Level
a - Sandblast             Erth           100%       2d20      0%          1
b - Stone Arrow           Conj/Erth      100%       3d13      1%          3

Your spell library contained the following spells:

 Spells                   Type           Power      Damage    Failure   Level
 Iskenderun's Mystic Bla  Conj/Tloc      15%        2d5       17%         4
 Passwall                 Tmut/Erth      53%        N/A       1%          2
 Petrify                  Tmut/Erth      64%        N/A       1%          4
 Frozen Ramparts          Ice            30%        1d5       5%          3
 Slow                     Hex            60%        N/A       7%          1
 Confusing Touch          Hex            15%        N/A       21%         3
 Portal Projectile        Hex/Tloc       30%        N/A       21%         3
 Tukima's Dance           Hex            15%        N/A       21%         3
 Vampiric Draining        Necr           15%        2d7       21%         3
 Vhi's Electric Charge    Tloc/Air       30%        N/A       21%         3
 Arcjolt                  Conj/Air       7%         1d17      41%         5
 Ice Form                 Ice/Tmut       17%        N/A       50%         4
 Summon Ice Beast         Ice/Summ       15%        N/A       54%         4
 Blade Hands              Tmut           9%         N/A       80%         5
 Maxwell's Capacitive Co  Air            7%         ∞         100%        8


Dungeon Overview and Level Annotations

Branches:
Dungeon (13/15)            Temple (1/1) D:7            Lair (3/5) D:8
 Shoals (0/4) Lair:2       Spider (0/4) Lair:2          Orc (0/2) D:9
 Bailey (visited)
 Vaults: D:13-14

Altars:
Ashenzari
Cheibriados
Dithmenos
Elyvilon
Fedhas
Gozag
Hepliaklqana
Kikubaaqudgha
Makhleb
Nemelex Xobeh
Okawaru
Qazlal
Ru
Sif Muna
Trog
Uskayaw
Vehumet
Wu Jian
Xom
Yredelemnul
Zin
The Shining One

Shops:
D:4 =   D:8 (==*   D:9 (   D:12 **

Annotations:
D:5 1 runed translucent door, lambentLogic's ghost, amateur KoEn
Lair:3 Nessos


Innate Abilities, Weirdness & Mutations

You are immune to sickness and miasma.
Your stone body is resilient. (AC +9)
You are immune to poison.
You resist negative energy. (rN+)
You are resistant to electric shocks. (rElec)
You are resistant to unholy torment.
You are immune to petrification.


Message History

The elephant is heavily wounded.
You hit the elephant but do no damage.
The elephant is heavily wounded.
You hit the elephant but do no damage.
The elephant is heavily wounded.
The elephant tramples you but does no damage.
The elephant trunk-slaps you but does no damage.
The elephant closely misses you.
The elephant trunk-slaps you but does no damage.
You hit the elephant but do no damage.
The elephant is heavily wounded.
The elephant tramples you!
You stumble backwards!
The blink frog croaks.
You hit the elephant.
The elephant is heavily wounded.
The elephant tramples you.
You hold your ground!
The elephant barely misses you. The elephant tramples you.
You hold your ground!
The elephant closely misses you.
The blink frog blinks!
The elephant tramples you.
You hold your ground!
The elephant trunk-slaps you but does no damage.
The elephant tramples you!
* * * LOW HITPOINT WARNING * * *
You hold your ground!
The elephant trunk-slaps you but does no damage.
Okay, then.
Okay, then.
The elephant attacks as you move away! The elephant closely misses you.
The elephant trunk-slaps you but does no damage.
The elephant attacks as you move away! The elephant tramples you!
* * * LOW HITPOINT WARNING * * *
The elephant barely misses you.
Okay, then.
The blink frog blinks!
The elephant attacks as you move away! The elephant tramples you.
* * * LOW HITPOINT WARNING * * *
The elephant barely misses you. The elephant attacks as you move away!
The elephant closely misses you. The elephant misses you.
The elephant attacks as you move away! The elephant tramples you!
You die...

#....~..~~........[(...#
......♣..♣♣............#
#P....................#
##........###....P...###
.......^....##.#P....#
#..............F.##
#.##.<††####......#.##
#.....†.###.YY........
##.....F..#.@.....##..
#?....................
###.......<.....##.....
#.##P.#..)....## #....
## ###.##....#.# .##.
#.. ...#...# #
#...#......#
........#.## #.. F.... #


You could see 2 elephants and a blink frog.

Vanquished Creatures
  Josephine (D:11)
  Fannar (D:11)
  3 hydras
  A death yak (Lair:3)
  Urug (D:11)
  Sonja (D:12)
  Amaemon (D:10)
  2 orc knights (Bailey)
  3 harpies (Lair:2)
  2 deep elf pyromancers
  An ugly thing (D:12)
  An oklob plant (Lair:1)
  2 cyclopes
  Joseph (Lair:1)
  3 elephants (Lair:3)
  12 cane toads
  An orange demon (D:10)
  A gargoyle (D:12)
  2 rime drakes
  A komodo dragon (D:8)
  A kobold demonologist (D:11)
  2 trolls
  3 blink frogs (Lair:1)
  2 culicivoras (Lair:2)
  2 jumping spiders (Lair:2)
  6 wraiths
  3 wyverns
  3 vampires
  19 yaks
  3 basilisks
  Grum (D:10)
  3 redbacks (Lair:2)
  3 steam dragons
  An acid dragon (D:11)
  4 water moccasins
  7 orc warriors
  4 sky beasts
  A black bear (D:6)
  3 ice beasts
  5 wolves
  5 centaurs
  A phantom (D:5)
  A kobold brigand (D:7)
  11 bullfrogs
  A gnoll sergeant (D:7)
  2 scorpions
  4 wights (D:9)
  10 killer bees
  4 howler monkeys (D:8)
  3 hounds
  5 jellies
  13 orc priests
  Crazy Yiuf (D:2)
  Jessica (D:3)
  Natasha (thrice) (D:3)
  6 iguanas
  8 orc wizards
  Robin (D:3)
  3 gnolls (D:7)
  7 adders
  2 white imps (D:7)
  An ufetubus (D:5)
  A worm (D:3)
  A dart slug (D:4)
  59 orcs
  5 ball pythons
  13 endoplasms
  4 giant cockroaches
  22 goblins
  13 hobgoblins
  8 jackals (D:1)
  2 quokkas
  10 bats
  4 frilled lizards
  13 kobolds
  5 rats
370 creatures vanquished.

Vanquished Creatures (others)
  An orc zombie (D:9)
  9 fungi
  43 plants
  3 withered plants (D:3)
56 creatures vanquished.

Grand Total: 426 creatures vanquished

Notes
Turn   | Place    | Note
-------+----------+-------------------------------------------
     0 | D:1      | cheesebisquit the Gargoyle Earth Elementalist began the
                  | quest for the Orb.
     0 | D:1      | Reached XP level 1. HP: 10/10 MP: 3/3
   153 | D:1      | Reached skill level 4 in Earth Magic
   153 | D:1      | Reached XP level 2. HP: 16/16 MP: 0/5
   307 | D:1      | Reached skill level 1 in Fighting
   437 | D:1      | Reached XP level 3. HP: 19/20 MP: 0/6
  1181 | D:2      | Found a runed translucent door.
  1182 | D:2      | Noticed Crazy Yiuf
  1228 | D:2      | Reached XP level 4. HP: 25/25 MP: 5/7
  1369 | D:2      | Reached skill level 5 in Earth Magic
  1828 | D:2      | Killed Crazy Yiuf
  2005 | D:3      | Found an ancient bone altar of Kikubaaqudgha.
  2101 | D:3      | Noticed Jessica
  2107 | D:3      | Killed Jessica
  2108 | D:3      | Reached XP level 5. HP: 30/30 MP: 5/9
  2215 | D:3      | Found a hazy altar of Hepliaklqana.
  2312 | D:3      | Found a white marble altar of Elyvilon.
  2316 | D:3      | Noticed Natasha
  2319 | D:3      | Killed Natasha
  2483 | D:3      | Reached skill level 1 in Staves
  2547 | D:3      | Noticed Natasha
  2551 | D:3      | Killed Natasha
  2596 | D:3      | Noticed Natasha
  2599 | D:3      | Killed Natasha
  2600 | D:3      | Reached skill level 6 in Earth Magic
  2600 | D:3      | Reached XP level 6. HP: 36/36 MP: 8/10
  2697 | D:3      | Noticed Robin
  2698 | D:3      | Killed Robin
  3245 | D:4      | Noticed a sky beast
  3257 | D:4      | Killed a sky beast
  3258 | D:4      | Reached XP level 7. HP: 41/41 MP: 7/12
  3321 | D:4      | Found Obroeloj's Jewellery Emporium.
  3432 | D:4      | Learned a level 3 spell: Stone Arrow
  3939 | D:5      | Entered Level 5 of the Dungeon
  3955 | D:5      | Reached skill level 7 in Earth Magic
  4391 | D:5      | Found a runed translucent door.
  4434 | D:5      | Noticed lambentLogic's ghost (amateur KoEn)
  4755 | D:6      | Reached XP level 8. HP: 44/48 MP: 7/14
  4847 | D:6      | Reached skill level 8 in Earth Magic
  5224 | D:6      | Found a shimmering altar of Xom.
  5409 | D:6      | Found a glowing silver altar of Zin.
  5634 | D:6      | Reached skill level 9 in Earth Magic
  6059 | D:7      | Reached skill level 5 in Fighting
  6164 | D:7      | Identified the +0 quarterstaff "Ziemam" {holy, rElec rF+
                  | Str+4}
  6176 | D:7      | Identified the +2 kite shield "Zyer" {Str+3}
  6179 | D:7      | Reached skill level 5 in Spellcasting
  6188 | D:7      | Reached XP level 9. HP: 46/54 MP: 6/16
  6574 | D:7      | Reached skill level 10 in Earth Magic
  6578 | D:7      | Found a staircase to the Ecumenical Temple.
  6592 | Temple   | Entered the Ecumenical Temple
  6806 | Temple   | Became a worshipper of Vehumet
  7244 | D:7      | Reached skill level 5 in Staves
  7496 | D:8      | Found Peobowal's Assorted Antiques.
  7541 | D:8      | Bought a black potion for 29 gold pieces
  7541 | D:8      | Bought a red potion for 29 gold pieces
  7541 | D:8      | Bought a tourmaline ring for 165 gold pieces
  7820 | D:8      | Reached skill level 11 in Earth Magic
  7834 | D:8      | Reached * piety under Vehumet
  7834 | D:8      | Offered knowledge of Foxfire by Vehumet.
  7847 | D:8      | Reached XP level 10. HP: 52/61 MP: 5/19
  7850 | D:8      | Found a flagged portal.
  7875 | Bailey   | Entered a bailey
  8146 | Bailey   | Noticed an orc knight
  8164 | Bailey   | Killed an orc knight
  8293 | Bailey   | Noticed an orc knight
  8302 | Bailey   | Killed an orc knight
  8303 | Bailey   | Reached skill level 12 in Earth Magic
  8539 | Bailey   | Reached ** piety under Vehumet
  8576 | D:8      | Offered knowledge of Magic Dart by Vehumet.
  8578 | D:8      | Noticed a cyclops
  8589 | D:8      | Killed a cyclops
  8697 | D:8      | Found Uniaj's Antique Weapon Shoppe.
  8755 | D:8      | Bought a runed quarterstaff for 224 gold pieces
  8873 | D:8      | Found Wuplagev's Jewellery Shop.
  8903 | D:8      | Found Maum's Jewellery Shop.
  9320 | D:8      | Found a staircase to the Lair.
 10017 | D:9      | Offered knowledge of Mephitic Cloud by Vehumet.
 10139 | D:9      | Found a staircase to the Orcish Mines.
 10320 | D:9      | Noticed a six-headed hydra
 10320 | D:9      | Noticed a deep elf pyromancer
 10328 | D:9      | Killed a deep elf pyromancer
 10329 | D:9      | Reached skill level 13 in Earth Magic
 10329 | D:9      | Reached XP level 11. HP: 51/68 MP: 9/21
 10330 | D:9      | Killed a six-headed hydra
 10362 | D:9      | Reached *** piety under Vehumet
 10520 | D:9      | Found Jufiugej's Weapon Emporium.
 10814 | D:9      | Found a stormy altar of Qazlal.
 11109 | D:10     | Entered Level 10 of the Dungeon
 11286 | D:10     | Noticed Amaemon
 11291 | D:10     | Killed Amaemon
 11533 | D:10     | Noticed a six-headed hydra
 11537 | D:10     | Killed a six-headed hydra
 11621 | D:10     | Found a snail-covered altar of Cheibriados.
 11640 | D:10     | Noticed Grum
 11650 | D:10     | Reached skill level 14 in Earth Magic
 11830 | D:10     | Killed Grum
 12050 | D:11     | Noticed Urug
 12162 | D:11     | Offered knowledge of Kindle Blastsparks by Vehumet.
 12559 | D:11     | Noticed a boulder beetle
 13143 | D:11     | Killed Urug
 13144 | D:11     | Reached XP level 12. HP: 76/76 MP: 3/24
 13335 | D:11     | Noticed Fannar
 13357 | D:11     | Killed Fannar
 13556 | D:11     | Reached skill level 15 in Earth Magic
 13641 | D:11     | Noticed Josephine
 13648 | D:11     | Killed Josephine
 13923 | D:11     | Found a burning altar of Makhleb.
 13923 | D:11     | Noticed a balrug
 14263 | D:12     | Found Gozag's Platinum Reserve.
 14351 | D:12     | Reached **** piety under Vehumet
 14705 | D:12     | Found Xehaf's Assorted Antiques.
 14708 | D:12     | Bought a scroll labelled WUGUOS XESIFUA for 25 gold pieces
 14708 | D:12     | Bought 2 potions of heal wounds for 250 gold pieces
 14945 | D:12     | Found an opulent altar of Gozag.
 14979 | D:12     | Noticed Sonja
 14982 | D:12     | Killed Sonja
 14983 | D:12     | Reached skill level 10 in Fighting
 15321 | Lair:1   | Entered Level 1 of the Lair of Beasts
 15418 | Lair:1   | Offered knowledge of Iskenderun's Mystic Blast by Vehumet.
 15513 | Lair:1   | Reached skill level 16 in Earth Magic
 15707 | Lair:1   | Noticed Joseph
 15714 | Lair:1   | Killed Joseph
 16363 | Lair:1   | Reached XP level 13. HP: 77/83 MP: 6/26
 17151 | Lair:2   | Found a staircase to the Shoals.
 17438 | Lair:2   | Found a hole to the Spider Nest.
 17663 | Lair:2   | Reached skill level 17 in Earth Magic
 18115 | Lair:3   | Noticed Nessos
 18294 | Lair:3   | Reached skill level 10 in Staves
 18448 | Lair:3   | HP: 4/84 [elephant (4)]
 18452 | Lair:3   | Slain by an elephant

Illustrated notes

Levels and vault maps discovered:
D:1:      lemuel_arrival_cross, layout_basic, kennysheep_doodads, st_stairs_10,
          minmay_shallow_snake_nest
D:2:      layout_basic, uniq_crazy_yiuf_cottage
D:3:      layout_loops_cross, kiku_gazebo_garden_becter,
          mainiacjoe_overflow_cross_hatched, nzn_hepliaklqana_mist_gate,
          uniq_natasha, uniq_robin, uniq_jessica
D:4:      layout_basic, serial_shops, shop
D:5:      layout_cave_pools, ebering_ghost_sewer_d
D:6:      layout_basic, nicolae_overflow_hidden_temple, zin_statuary
D:7:      layout_basic, minmay_temple_entry_glass, kennysheep_minor_cross
D:8:      layout_layer_cave, david_lair_shrubbed, enter_bailey_5, serial_shops,
          shop, shop, nicolae_shop_temple_entry_statues_fountains,
          nicolae_shop_hallway_stairs
D:9:      layout_basic, mainiacjoe_overflow_tiny_flanked, david_orc_5,
          serial_shops, shop, minmay_bent
D:10:     layout_gridville, lemuel_doored_altar, uniq_grum, uniq_amaemon
D:11:     layout_rooms, makhleb_altar_promises_db, uniq_josephine, uniq_fannar,
          uniq_urug
D:12:     layout_irregular_city, serial_shops,
          nicolae_shop_competitors_out_of_business, gauntlet_entry_generic,
          nicolae_gozag_zags_fifth_avenue, uniq_sonja
D:13:     layout_roguey, serial_rivers, chequers_serial_rivers_room_a,
          chequers_serial_rivers_marsh, chequers_serial_rivers_small_a,
          chequers_serial_rivers_small_b, chequers_serial_rivers_micro_b,
          serial_shops, nicolae_shop_statue_plus, grunt_decor_resistance
Temple:   regret_index_temple_waves
Lair:1:   layout_loops_ring, st_stairs_9, beast_lair_carwin_4, uniq_joseph
Lair:2:   layout_cave_shapes, nicolae_shoals_entry_roost,
          nicolae_spider_entry_tight_spaces, grunt_forest_small_clearings,
          nicolae_lair_grove_arrangements
Lair:3:   layout_misc_corridors, gammafunk_ghost_icy,
          chequers_serial_rivers_small_b, nicolae_quartered_pool_little,
          uniq_nessos

Skill      XL: |  1  2  3  4  5  6  7  8  9 10 11 12 13 |
---------------+----------------------------------------+-----
Earth Magic    | 4 5 6 7 9 11 13 14 16 17 | 17.2
Fighting       | 1 2 3 4 5 6 8 9 10 11 | 11.1
Spellcasting   | 3 4 5 6 7 8 9 |  9.7
Staves         | 1 2 3 4 5 7 8 9 10 | 10.0
Dodging        | |  1.5
Stealth        | |  2.1
Transmutations | |  0.7

Action                     |  1- 3 |  4- 6 |  7- 9 | 10-12 | 13-15 || total
---------------------------+-------+-------+-------+-------+-------++-------
  Melee: Unarmed           |     7 |       |       |       |       ||     7
         Hand axe          |    28 |       |       |       |       ||    28
         Punch             |     1 |       |       |       |       ||     1
         Quarterstaff      |       |     1 |    14 |    77 |    18 ||   110
   Cast: Sandblast         |    46 |    72 |   164 |    93 |       ||   375
         Stone Arrow       |       |       |       |   263 |    90 ||   353
    Use: Potion            |       |     1 |       |     4 |     2 ||     7
         Scroll            |       |     2 |     5 |    12 |     3 ||    22
   Stab: Confused          |       |       |       |     2 |       ||     2
 Armour: Robe              |    44 |     9 |    57 |    70 |    49 ||   229
  Dodge: Dodged            |    60 |    12 |    93 |   124 |    51 ||   340

Table legend: (Time is in decaauts)
 A = Elapsed time spent in this place.
 B = Non-inter-level travel time spent in this place.
 C = Inter-level travel time spent in this place.
 D = Time resting spent in this place.
 E = Time spent auto-exploring this place.
 F = Levels seen in this place.
 G = Mean time per level.
                   A        B        C        D        E       F      G
               +--------+--------+--------+--------+--------+-----+--------+
         Total |  18661 |  17528 |   1133 |   1458 |  13624 |  18 | 1036.7 |
       Dungeon |  14549 |  13649 |    900 |   1189 |  10587 |  13 | 1119.2 |
        Temple |    260 |    193 |     67 |      0 |    176 |   1 |  260.0 |
          Lair |   3126 |   2960 |    166 |    269 |   2349 |   3 | 1042.0 |
        Bailey |    725 |    725 |      0 |      0 |    510 |   1 |  725.0 |
               +--------+--------+--------+--------+--------+-----+--------+

Top non-repeatable levels by time:
     D:9: 1973 daAuts
  Lair:1: 1686 daAuts
     D:8: 1403 daAuts
     D:6: 1350 daAuts
  Lair:2: 1331 daAuts
     D:7: 1313 daAuts
    D:12: 1301 daAuts
    D:10: 1259 daAuts
    D:11: 1235 daAuts
     D:3: 1111 daAuts
     D:1: 1090 daAuts
     D:4: 937 daAuts
     D:2: 883 daAuts
  Bailey: 725 daAuts
     D:5: 689 daAuts
